 Dungeon Crawl Stone Soup version 0.30-a0-634-g8abc85282e (webtiles) character file.

Game seed: 17131622253750881975

982 NinjaNoafa the Trooper (level 8, -3/62 HPs)
             Began as a Djinni Conjurer on Jan 14, 2023.
             Was an Initiate of Makhleb.
             Slain by a gnoll
             ... wielding a +0 spear
              (7 damage)
             ... on level 4 of the Dungeon.
             The game lasted 00:12:31 (4701 turns).

NinjaNoafa the Trooper (Djinni Conjurer)            Turns: 4701, Time: 00:12:32

Health: -3/62      AC:  2    Str:  6    XL:     8   Next: 40%
Gold:   160        EV: 13    Int: 21    God:    Makhleb [......] SH:  0 Dex: 13

rFire   + + .      SeeInvis .    c - staff of air
rCold   x . .      Faith    .    (no shield)
rNeg    + . .      Spirit   .    a - +0 robe
rPois   ∞          Reflect  .    (no helmet)
rElec   +          Harm     .    (no cloak)
rCorr   .          Rampage  .    (no gloves)
Will    .....                    (boots unavailable)
Stlth   ++                       (no amulet)
HPRegen 0.30/turn                w - ring of positive energy
MPRegen 0.00/turn                (no ring)

@: flying
A: sickness immunity, fire resistance 2, cold vulnerability 1, float, innate
caster, HP casting, extra vitality 1
a: Renounce Religion


You were on level 4 of the Dungeon.
You worshipped Makhleb.
Makhleb was noncommittal.
You visited 2 branches of the dungeon, and saw 5 of its levels.

You collected 267 gold pieces.
You spent 107 gold pieces at shops.

Inventory:

Missiles
 k - a boomerang
 q - 11 poisoned darts
Armour
 a - a +0 robe (worn)
Magical Staves
 c - a staff of air (weapon)
Jewellery
 w - a ring of positive energy (left hand)
Wands
 u - a wand of flame (12)
Scrolls
 d - a scroll of blinking {unknown}
 e - a scroll of torment {unknown}
 h - 3 scrolls of immolation {unknown}
 i - 2 scrolls of noise {unknown}
 j - 3 scrolls of identify {unknown}
 l - a scroll of vulnerability {unknown}
 m - a scroll of teleportation {unknown}
 o - a scroll of enchant armour {unknown}
 v - 2 scrolls of fear {unknown}
Potions
 b - a potion of curing
 f - a potion of ambrosia {unknown}
 g - a potion of haste
 n - 2 potions of mutation {unknown}
 p - 2 potions of heal wounds {unknown}
 r - 3 potions of berserk rage {unknown}
 s - a potion of lignification {unknown}
 t - a potion of flight {unknown}


   Skills:
 + Level 6.9 Fighting
 - Level 3.4 Dodging
 - Level 2.5 Stealth
 * Level 4.9 Spellcasting


You couldn't memorise any spells.
You knew the following spells:

 Your Spells              Type           Power      Damage    Failure   Level
a - Magic Dart            Conj           100%       1d8       1%          1
b - Searing Ray           Conj           50%        2d6       2%          2
c - Dazzling Flash        Conj/Hex       50%        N/A       4%          3
d - Fulminant Prism       Conj/Hex       12%        3d8       14%         4
e - Iskenderun's Mystic   Conj/Tloc      25%        2d7       14%         4
f - Necrotise             Necr           100%       1d9       1%          1
g - Static Discharge      Conj/Air       76%        2-6/arc   2%          2
h - Gell's Gravitas       Tloc           25%        N/A       4%          3
Your spell library was empty.

Dungeon Overview and Level Annotations

Branches:
Dungeon (4/15)             Temple (1/1) D:4

Altars:
Ashenzari
Cheibriados
Dithmenos
Elyvilon
Fedhas
Hepliaklqana
Makhleb
Nemelex Xobeh
Qazlal
Ru
Trog
Uskayaw
Wu Jian
Zin
The Shining One

Shops:
D:2 *

Annotations:
D:4 exclusion: statue


Innate Abilities, Weirdness & Mutations

You are immune to sickness and miasma.
You are immune to poison.
Your flesh is very heat resistant. (rF++)
You are vulnerable to cold. (rC-)
You float through the air rather than walking.
You learn spells naturally, not from books.
Your magical power is your life essence.
You have superior vitality. (+4 MHP)


Message History

Casting: Dazzling Flash (dangerous; 4% risk of failure)
Confirm with . or Enter, or press ? or * to list all spells.
You feel a surge of power!
The gnoll is struck by an arc of lightning.
The gnoll is heavily wounded.
The endoplasm is struck by an arc of lightning.
The endoplasm is severely wounded.
The gnoll is struck by an arc of lightning.
The gnoll is almost dead.
The endoplasm is struck by an arc of lightning.
You kill the endoplasm!
Makhleb accepts your kill. You resist.
You are struck by an arc of lightning.
The gnoll hits you with a +0 whip!
* * * LOW HITPOINT WARNING * * *
The gnoll hits you from afar with a +0 spear.
* * * LOW HITPOINT WARNING * * *
The gnoll hits you with a +0 whip!
* * * LOW HITPOINT WARNING * * *
Okay, then.
The gnoll is no longer blind.
The gnoll hits you from afar with a +0 spear.
* * * LOW HITPOINT WARNING * * *
You feel better.
The gnoll is no longer blind.
The gnoll closely misses you.
The gnoll hits you from afar with a +0 spear.
* * * LOW HITPOINT WARNING * * *
The gnoll misses you.
You feel better. The gnoll hits you with a +0 whip.
* * * LOW HITPOINT WARNING * * *
The gnoll hits you from afar with a +0 spear.
* * * LOW HITPOINT WARNING * * *
Aiming: Magic Dart (safe; 1% risk of failure)
Press: ? - help, Q - select action, (/) - cycle Shift-Dir - straight line, f - gnoll
Aim: a gnoll, wielding a +0 whip (almost dead, fast, 100% to hit)
The magic dart hits the gnoll.
You kill the gnoll!
Makhleb accepts your kill.
* * * LOW HITPOINT WARNING * * *
The gnoll hits you from afar with a +0 spear!
You die...

########## #....>...# ## #####
#........# ...##...##
#........# .........##
#........#
..........#####........#
.........(.............#
.......)@.(####........#
.....>)...## #........# .....
......g.#.# #........## .....
###.#.....# #>......... .....
###....#..# ###########. .....#
#.........###........# ##
#.....###...........<........#
#....##........##..........####
#..##........................


You could see a gnoll.

Vanquished Creatures
  Grinder (D:4)
  A water moccasin (D:3)
  Pargi (D:3)
  An ogre (D:4)
  2 necrophages (D:4)
  A hound (D:4)
  3 orc priests (D:3)
  A jelly (D:4)
  Natasha (thrice) (D:3)
  2 adders
  3 gnolls
  4 dart slugs
  14 orcs
  8 endoplasms
  3 giant cockroaches
  4 goblins
  10 hobgoblins
  10 jackals
  5 kobolds
  2 quokkas
  7 ball pythons
  6 bats
  4 frilled lizards
  7 rats
103 creatures vanquished.

Vanquished Creatures (collateral kills)
  A dart slug (D:1)
  A ball python (D:2)
  A bat (D:1)
  A frilled lizard (D:3)
  A rat (D:1)
5 creatures vanquished.

Grand Total: 108 creatures vanquished

Notes
Turn   | Place    | Note
-------+----------+-------------------------------------------
     0 | D:1      | NinjaNoafa the Djinni Conjurer began the quest for the Orb.
     0 | D:1      | NinjaNoafa set off with the following spells memorised:
                  | Magic Dart, Searing Ray, Dazzling Flash, Fulminant Prism,
                  | Iskenderun's Mystic Blast.
     0 | D:1      | Reached XP level 1. HP: 15/15 MP: 0/0
    62 | D:1      | Reached XP level 2. HP: 2/21 MP: 0/0
   183 | D:1      | Found a faded altar of an unknown god.
   524 | D:1      | Reached XP level 3. HP: 20/25 MP: 0/0
   524 | D:1      | Learned a level 1 spell: Necrotise
   967 | D:2      | Found Nahocs's Assorted Antiques.
   976 | D:2      | Reached XP level 4. HP: 23/31 MP: 0/0
  1077 | D:2      | Bought a scroll labelled OCVACEETSU for 29 gold pieces
  1113 | D:2      | Identified the +7 ring mail of Zeetostro {Harm Str+3 Slay+3
                  | Stlth+}
  1401 | D:2      | Found a shadowy altar of Dithmenos.
  1800 | D:2      | Bought a bubbling brown potion for 26 gold pieces
  1800 | D:2      | Bought a lumpy purple potion for 26 gold pieces
  1876 | D:3      | Reached XP level 5. HP: 24/36 MP: 0/0
  1876 | D:3      | Learned a level 2 spell: Static Discharge
  1941 | D:3      | Reached skill level 1 in Fighting
  2093 | D:3      | Reached skill level 2 in Fighting
  2249 | D:3      | Reached skill level 3 in Fighting
  2249 | D:3      | Reached XP level 6. HP: 22/46 MP: 0/0
  2408 | D:3      | Found a hazy altar of Hepliaklqana.
  2617 | D:2      | Bought a lumpy purple potion for 26 gold pieces
  2700 | D:3      | Noticed a water moccasin
  2709 | D:3      | Killed a water moccasin
  2837 | D:3      | Noticed Natasha
  2841 | D:3      | Killed Natasha
  2966 | D:3      | Reached XP level 7. HP: 51/51 MP: 0/0
  2966 | D:3      | Learned a level 3 spell: Gell's Gravitas
  3133 | D:3      | Noticed Pargi
  3140 | D:3      | Noticed Natasha
  3149 | D:3      | Killed Natasha
  3149 | D:3      | Killed Pargi
  3150 | D:3      | Reached skill level 4 in Fighting
  3561 | D:3      | Noticed Natasha
  3564 | D:3      | Killed Natasha
  3877 | D:4      | Reached skill level 5 in Fighting
  3989 | D:4      | Reached skill level 6 in Fighting
  3989 | D:4      | Reached XP level 8. HP: 39/61 MP: 0/0
  4229 | D:4      | Noticed Grinder
  4241 | D:4      | Killed Grinder
  4366 | D:4      | Found a staircase to the Ecumenical Temple.
  4453 | Temple   | Entered the Ecumenical Temple
  4619 | Temple   | Became a worshipper of Makhleb the Destroyer
  4698 | D:4      | HP: 3/62 [gnoll/+0 spear (1)]
  4701 | D:4      | Slain by a gnoll

Illustrated notes

Levels and vault maps discovered:
D:1:      saegor_arrival_simple_d, layout_basic, ebering_ecumenical_altar_box,
          minmay_tetromino_s4
D:2:      layout_basic, serial_shops, shop, basic_altar
D:3:      layout_loops_corners, mainiacjoe_overflow_cross_hatched, uniq_pargi,
          uniq_natasha
D:4:      layout_rooms, vehumet_statue, minmay_temple_entry_fiery, uniq_grinder
Temple:   regret_index_temple_waves

Skill      XL: |  1  2  3  4  5  6  7 |
---------------+----------------------+-----
Stealth        | 2 |  2.5
Dodging        | 3 |  3.4
Fighting       | 3 6 |  6.9
Spellcasting   | 4 |  4.9

Action                   |  1- 3 |  4- 6 |  7- 9 || total
-------------------------+-------+-------+-------++-------
Melee: Staff             |       |    29 |     2 ||    31
 Cast: Magic Dart        |    25 |    19 |    53 ||    97
       Searing Ray       |     1 |     4 |     3 ||     8
       Necrotise         |    27 |    40 |     7 ||    74
       Dazzling Flash    |       |     3 |     4 ||     7
       Static Discharge  |       |    14 |    12 ||    26
       Gell's Gravitas   |       |       |     6 ||     6
  Use: Potion            |       |     1 |     2 ||     3
Armor: Robe              |     5 |    12 |     5 ||    22
       Ring mail         |       |    12 |       ||    12
Dodge: Dodged            |    21 |    69 |    29 ||   119

Table legend: (Time is in decaauts)
 A = Elapsed time spent in this place.
 B = Non-inter-level travel time spent in this place.
 C = Inter-level travel time spent in this place.
 D = Time resting spent in this place.
 E = Time spent auto-exploring this place.
 F = Levels seen in this place.
 G = Mean time per level.
                   A        B        C        D        E       F      G
               +--------+--------+--------+--------+--------+-----+--------+
         Total |   4687 |   4300 |    387 |      0 |   3638 |   5 |  937.4 |
       Dungeon |   4496 |   4155 |    341 |      0 |   3509 |   4 | 1124.0 |
        Temple |    191 |    145 |     46 |      0 |    129 |   1 |  191.0 |
               +--------+--------+--------+--------+--------+-----+--------+

Top non-repeatable levels by time:
     D:3: 1660 daAuts
     D:2: 1043 daAuts
     D:1: 966 daAuts
     D:4: 826 daAuts
  Temple: 191 daAuts
